Zazza, neutral female human Tourist ---- ---- -----..----..--- ---......@..o....| --- |.......q........-- --.--- ------ |......#-..o..|.^)| |....| |....-- --.....|-..|.----.--- ---....---- |.....| |...%.|...|-- |.^.| --.........----.|..-- ----........-- ---.--- - |...............|..| |.....--....| |)[.--- . --...---......------ --....---.--.--- --%%..|--.| ----- |......-- |.....|...||...| |.)..|...| --......-- ------....|.------.--- ----...-- |.......| |..---#.....-----|...| ---<.| |......-- |...| |--.--..--.|.-.------ |..| --......| ---.-- |...||...........|-.--------- --.......|--...----.---|...........|......| |.......---.........| |.....---..........-- |....>........------- --....| -----.......-- ----..----...-- |..--- |........| ---- ----- ---- ---.--.|.| -------- Zazza the Sightseer Experience level: 5 Strength: 10 Dexterity: 14 Constitution: 18 Intelligence: 10 Wisdom: 7 Charisma: 16 Health: 0(52) Energy: 17(17) Def: 6 Gold: 249 Moves: 2010 Dungeon seed: fZdZWqkV_HVhnCeN Game ID: Zazza_1532704152 Your Inventory: Coins $ - 249 gold pieces Amulets t - an uncursed amulet of ESP Weapons a - 38 +2 darts (in quiver) v - a +0 flail E - a +0 dagger (weapon in hand) Armor e - an uncursed +0 Hawaiian shirt (being worn) n - an uncursed rusty +0 plate mail (being worn) y - an uncursed +0 dwarvish cloak D - a cursed +0 dwarvish cloak N - an uncursed +0 dwarvish cloak Y - an uncursed +0 pair of iron shoes Comestibles b - 2 uncursed lembas wafers c - 5 uncursed food rations d - 3 uncursed fortune cookies f - 2 uncursed tins of newt meat p - an uncursed pancake Scrolls i - 4 uncursed scrolls of magic mapping l - an uncursed scroll of light Spellbooks q - an uncursed spellbook of detect treasure Potions o - an uncursed potion of blindness x - an uncursed potion of fruit juice z - a blessed potion of paralysis Wands m - a wand of digging (0:4) G - a wand of cancellation (0:5) Tools j - an expensive camera (0:89) k - an uncursed credit card s - an uncursed magic lamp w - a blessed figurine of a lichen C - 5 uncursed tallow candles (0:200) Spells and supernatural/magical abilities: Name Level Category Fail Memory W - pray for help -- divine ? -- Your skills at the end: Fighting Skills Weapon Skills dagger [Basic] dart [Basic] Spellcasting Skills Final Attributes: You were piously aligned. You were lucky. You are dead. Vanquished creatures: a gnome lord 2 gnomish wizards 2 elf zombies 3 dwarves 2 hill orcs a giant rat a yellow mold 7 gnomes a gecko 3 jackals 2 kobolds 2 goblins 6 grid bugs 5 newts 38 creatures vanquished. Voluntary challenges: You had been an atheist until turn 1989. You used a wielded weapon 79 times, starting on turn 517. You were illiterate. You never genocided any monsters. You never polymorphed an object. You never changed form. You used no wishes. You never split a pudding. You never wrote Elbereth's name. You never violated your personal moral code. Dungeon overview: The Dungeons of Doom: levels 1 to 3 Level 1 a long staircase Level 2 Level 3 a fountain stairs to The Gnomish Mines The Gnomish Mines: Level 4 <- You were here stairs to The Dungeons of Doom History has recorded: On T:1 you entered the Dungeons of Doom to retrieve the Amulet of Yendor! On T:373 you reached level 2 of The Dungeons of Doom. On T:871 you advanced to experience level 2. On T:960 you reached level 3 of The Dungeons of Doom. On T:1418 you reached level 1 of The Gnomish Mines. On T:1482 you advanced to experience level 3. On T:1496 you advanced to experience level 4. On T:1640 you advanced to experience level 5. Score breakdown: Gold: 210 ( 7906 points) Experience: 5 levels (11141 points) Exploration: 4 levels ( 8.16%) ( 7500 points) Discoveries: 1 item ( 0.34%) ( 1737 points) Valuables value: (no points given unless you survive) Artifact value: 0 ( 0 points) Variety of kills: 14 monsters ( 3.67%) ( 5750 points) Turncount: 2010 turns ( -8 points) Survival: died (score multiplied by 80%) Total score: 27220 Latest messages: The rothe hits! The rothe misses. The rothe bites! The rothe hits! The rothe misses. The rothe bites! You hit it. You miss it. The rothe hits! The rothe bites! (2x) The rothe hits! The rothe bites! The rothe misses. The rothe misses. (2x) The rothe bites! You die... Final status: Aloha Zazza the Tourist, killed by a rothe... You died in The Gnomish Mines on dungeon level 4 with 27220 points, and 249 pieces of gold, after 2010 moves. You were level 5 with a maximum of 52 hit points when you died.